 Dungeon Crawl Stone Soup version 0.32-a0-468-g38b2580584 (webtiles) character file.

Game seed: 13508651697233409972

131 jt the Chopper (level 5, -7/50 HPs)
             Began as a Naga Fighter on Feb 24, 2024.
             Was a Follower of Beogh.
             Mangled by an ogre
             ... wielding a +0 giant spiked club
              (26 damage)
             ... on level 4 of the Dungeon.
             The game lasted 00:04:53 (1847 turns).

jt the Chopper (Naga Fighter)                       Turns: 1847, Time: 00:04:54

Health: -7/50      AC:  5    Str: 18 (20) XL:     5   Next: 14%
Magic:  5/5        EV:  8    Int:  9      God:    Beogh [*.....]
Gold:   94         SH:  4    Dex:  9 (10) Spells: 4/4 levels left

rFire   . . .        a - +0 war axe
rCold   . . .        c - +0 buckler
rNeg    . . .        f - +0 ring mail
rPois   +            (no helmet)
rElec   .            e - +0 cloak
rCorr   .            (no gloves)
SInv    +            (no barding)
Will    .....        (no amulet) Stlth
                     l - ring of flight
HPRegen 0.28/turn    (no ring)
MPRegen 0.09/turn

%: no passive effects
@: short of breath, flying, very slow
A: AC +1, large, see invisible, deformed body, poison resistance, slowness 2,
spit poison 1, naga tail 1
a: Spit Poison, Renounce Religion


You were on level 4 of the Dungeon.
You worshipped Beogh.
Beogh was aware of your devotion.
You visited 1 branch of the dungeon, and saw 4 of its levels.

You collected 94 gold pieces.

Inventory:

Hand Weapons
 a - a +0 war axe (weapon)
 d - a +0 halberd
 o - a +0 trident
Missiles
 i - 34 stones
Armour
 b - a +0 scale mail
 c - a +0 buckler (worn)
 e - a +0 cloak (worn)
 f - a +0 ring mail (worn)
Jewellery
 l - a ring of flight (left hand)
Scrolls
 g - a scroll of immolation
 h - 2 scrolls of teleportation
 j - a scroll of identify
 p - a scroll of brand weapon


   Skills:
 + Level 3.8 Fighting
 * Level 3.9 Axes
 - Level 2.4 Armour
 + Level 3.4 Shields


You had 4 spell levels left.
You didn't know any spells.
Your spell library contained the following spells:

 Spells                   Type           Power      Damage    Failure   Level
 Freeze                   Ice            0%         1d3       65%         1
 Slow                     Hex            0%         N/A       65%         1
 Confusing Touch          Hex            0%         N/A       95%         3
 Frozen Ramparts          Ice            0%         1d1       95%         3
 Hailstorm                Conj/Ice       0%         3d5       95%         3
 Sigil of Binding         Hex            0%         N/A       95%         3
 Stone Arrow              Conj/Erth      0%         3d7       95%         3
 Summon Ice Beast         Ice/Summ       0%         N/A       95%         3
 Vampiric Draining        Necr           0%         2d6       95%         3
 Animate Armour           Summ/Erth      0%         N/A       100%        4
 Sculpt Simulacrum        Ice/Alch       0%         N/A       100%        6
 Lehudib's Crystal Spear  Conj/Erth      0%         10d2      100%        8


Dungeon Overview and Level Annotations

Branches:
Dungeon (4/15)
 Temple: D:4-7

Altars:

Annotations:
D:2 1 runed translucent door, Crazy Yiuf


Innate Abilities, Weirdness & Mutations

Your serpentine skin is tough. (AC +1)
You have supernaturally acute eyesight. (SInv)
Armour fits poorly on your strangely shaped body.
Your system is resistant to poisons. (rPois)
You cover ground very slowly.
You can spit poison.
You have a snake-like lower body.


Message History

No target in view!
Found a whip.
You have got your breath back.
j - a scroll of identify You don't currently have any unidentified items.
You see here a +0 whip.
You see here a +0 whip.
Found a stone staircase leading up.
A ball python comes into view.
The ball python moves out of view.
The ball python hisses angrily.
The splash of poison hits the ball python.
The ball python is poisoned.
The ball python is moderately wounded.
You slash the ball python!
You kill the ball python!
Beogh accepts your kill.
You have got your breath back.
An ogre comes into view. It is wielding a +0 giant spiked club.
Aiming: Spit Poison (1% risk of failure)
Press: ? - help, Shift-Dir - straight line, f - ogre
Aim: an ogre, wielding a +0 giant spiked club (wandering, hasn't noticed you, 81% to hit)
The splash of poison hits the ogre!
The ogre is poisoned.
The ogre is moderately wounded.
You aren't carrying any items that you can evoke.
You have got your breath back.
The ogre looks more healthy.
The splash of poison hits the ogre but does no damage.
The ogre is poisoned.
The ogre is heavily wounded.
You barely miss the ogre.
The ogre is heavily wounded.
The ogre hits you with a +0 giant spiked club!!
Ouch! That really hurt!
You are too injured to fight recklessly!
You hit the ogre but do no damage.
The ogre is heavily wounded.
The ogre hits you with a +0 giant spiked club!!
Ouch! That really hurt!
You die...

####..#####.#####.###
#.............#......
#................##..
#...............####.
##.....<...#...## #.
#.........##.)## ##
##..†....####..##
##..###### ##..##
###..@## ##..#
###....O.# ##.##
#........# #..##
#..#......# ##..#
#..#..#†<...# ##..
..#...#......# ##.
##.....#.....# #.
........#....# ##
........#....#


You could see an ogre (poisoned).

Vanquished Creatures
  7 gnolls (D:2)
  An adder (D:2)
  A ribbon worm (D:4)
  2 dart slugs
  4 orcs
  2 bats
  3 endoplasms (D:1)
  4 giant cockroaches
  3 goblins
  4 hobgoblins
  2 quokkas (D:2)
  4 ball pythons
  A frilled lizard (D:2)
  4 kobolds
  7 rats
49 creatures vanquished.

Notes
Turn   | Place    | Note
-------+----------+-------------------------------------------
     0 | D:1      | jt the Naga Fighter began the quest for the Orb.
     0 | D:1      | Reached XP level 1. HP: 21/21 MP: 1/1
   172 | D:1      | Reached XP level 2. HP: 26/28 MP: 2/2
   202 | D:1      | Found a faded altar of an unknown god.
   812 | D:2      | Reached XP level 3. HP: 32/34 MP: 3/3
   906 | D:2      | Found a runed translucent door.
   907 | D:2      | Noticed Crazy Yiuf
   995 | D:3      | Became a worshipper of Beogh the Shepherd
  1305 | D:2      | Reached XP level 4. HP: 40/42 MP: 4/4
  1547 | D:2      | Reached XP level 5. HP: 32/50 MP: 5/5
  1547 | D:2      | Reached * piety under Beogh
  1840 | D:4      | Noticed an ogre
  1847 | D:4      | Mangled by an ogre

Illustrated notes

Levels and vault maps discovered:
D:1:      dpeg_arrival_arbitrary_c, layout_basic, basic_ecumenical_altar
D:2:      layout_rooms, uniq_crazy_yiuf_cottage
D:3:      layout_loops_ring, minitemple, minmay_misc_feat_secret_circle
D:4:      layout_cave_pods, minmay_ruined_shrine

Skill      XL: |  1  2  3 |
---------------+----------+-----
Shields        | 3 |  3.4
Axes           | 3 |  3.9
Fighting       | |  3.8
Armour         | |  2.4

Action                     |  1- 3 |  4- 6 || total
---------------------------+-------+-------++-------
  Melee: War axe           |    85 |    24 ||   109
  Throw: Stone             |     2 |       ||     2
 Invoke: Convert to Beogh  |     1 |       ||     1
Ability: Spit Poison       |    29 |     9 ||    38
    Use: Potion            |     4 |     2 ||     6
         Scroll            |     2 |     1 ||     3
 Armour: Ring mail         |    61 |    21 ||    82
  Dodge: Dodged            |    30 |    18 ||    48
  Block: Buckler           |    12 |     3 ||    15

Table legend: (Time is in decaauts)
 A = Elapsed time spent in this place.
 B = Non-inter-level travel time spent in this place.
 C = Inter-level travel time spent in this place.
 D = Time resting spent in this place.
 E = Time spent auto-exploring this place.
 F = Levels seen in this place.
 G = Mean time per level.
                   A        B        C        D        E       F      G
               +--------+--------+--------+--------+--------+-----+--------+
         Total |   2408 |   2350 |     58 |    196 |   1375 |   4 |  602.0 |
       Dungeon |   2408 |   2350 |     58 |    196 |   1375 |   4 |  602.0 |
               +--------+--------+--------+--------+--------+-----+--------+

Top non-repeatable levels by time:
     D:1: 1009 daAuts
     D:2: 889 daAuts
     D:3: 395 daAuts
     D:4: 113 daAuts
